 Dungeon Crawl Stone Soup version 0.31-a0-256-g80acddb972 (webtiles) character file.

Game seed: 2595808630552130858

2 British0li the Sneak (level 1, -1/18 HPs)
             Began as a Demonspawn Delver on July 13, 2023.
             Was an Initiate of Makhleb.
             Slain by an orc
             ... wielding a +0 short sword
              (2 damage)
             ... on level 4 of the Dungeon.
             The game lasted 00:00:33 (87 turns).

British0li the Sneak (Demonspawn Delver)              Turns: 87, Time: 00:00:34

Health: -1/18      AC:  3    Str: 12    XL:     1   Next: 25%
Magic:  1/1        EV: 11    Int: 11    God:    Makhleb [......]
Gold:   0          SH:  0    Dex: 14    Spells: 0/0 levels left

rFire   . . .        d - +0 great sword
rCold   . . .        (shield currently unavailable)
rNeg    . . .        b - +0 leather armour
rPois   .            (no helmet)
rElec   .            (no cloak)
rCorr   .            (no gloves)
SInv    .            (no boots)
Will    .....        (no amulet)
Stlth   ++           (no ring)
HPRegen 0.23/turn    (no ring)
MPRegen 0.07/turn

%: no passive effects
@: no status effects
A: no striking features
a: Renounce Religion


You were on level 4 of the Dungeon.
You worshipped Makhleb.
Makhleb was noncommittal.
You visited 2 branches of the dungeon, and saw 3 of its levels.

Inventory:

Hand Weapons
 a - a +0 falchion
 d - a +0 great sword (weapon)
Missiles
 h - 2 javelins
Armour
 b - a +0 leather armour (worn)
 i - a +1 ring mail of fire resistance
Wands
 g - a wand of digging (3)
Scrolls
 c - a scroll of fog
 e - a scroll of fear
Potions
 f - a potion of haste


   Skills:
 + Level 3.0 Fighting
 + Level 1.8 Long Blades
 + Level 1.8 Dodging
 + Level 4.5 Stealth


You couldn't memorise any spells.
You didn't know any spells.
Your spell library contained the following spells:

 Spells                   Type           Power      Damage    Failure   Level
 Summon Ice Beast         Ice/Summ       0%         N/A       99%         4
 Summon Mana Viper        Hex/Summ       0%         N/A       100%        5
 Monstrous Menagerie      Summ           0%         N/A       100%        7


Dungeon Overview and Level Annotations

Branches:
Dungeon (5/15)             Temple (1/1) D:5

Altars:
Ashenzari
Kikubaaqudgha
Makhleb
Okawaru
Sif Muna
Uskayaw
Vehumet


Message History

An orc wizard comes into view. It is wielding a +0 dagger.
The orc moves out of view.
There is an escape hatch in the ceiling here.
You see here a +1 ring mail of fire resistance.
i - a +1 ring mail of fire resistance The orc wizard mumbles some strange words.
The orc wizard flickers and vanishes!
Deactivating autopickup; reactivate with Ctrl-A.
An orc comes into view. It is wielding a +0 flail.
You hear a shout!
An orc comes into view. It is wielding a +0 dagger.
The orc shouts!
The orc hits you with a +0 whip.
There is an escape hatch in the ceiling here.
The orc hits you with a +0 whip. The orc barely misses you.
A mysterious force pulls you upwards. The hatch slams shut behind you.
Reactivating autopickup.
You closely miss the orc. The orc hits you with a +0 short sword.
The orc hits you with a +0 whip.
You are too injured to fight recklessly!
You are too injured to fight recklessly!
You slash the orc!
You kill the orc!
Makhleb accepts your kill. The orc completely misses you.
The orc hits you but does no damage. The orc hits you with a +0 short sword.
You see here a +0 whip.
The orc attacks as you move away! The orc hits you with a +0 short sword.
Found a Trismegistus Codex.
You barely miss the orc. The orc hits you but does no damage.
You hit the orc.
The orc is severely wounded.
The orc hits you with a +0 short sword.
* * * LOW HITPOINT WARNING * * *
The orc hits you with a +0 short sword.
* * * LOW HITPOINT WARNING * * *
You barely miss the orc.
The orc is severely wounded.
The orc hits you with a +0 short sword.
You die...

## :.
#. #.
#. #.
#.####
#.@o.#
####.#
#w#
#.#
#.#
..#
###


You could see an orc.

Vanquished Creatures
  An orc (D:4)
1 creature vanquished.

Notes
Turn   | Place    | Note
-------+----------+-------------------------------------------
     0 | D:5      | British0li the Demonspawn Delver began the quest for the
                  | Orb.
     0 | D:5      | Reached XP level 1. HP: 18/18 MP: 1/1
    35 | D:5      | Found a staircase to the Ecumenical Temple.
    41 | Temple   | Entered the Ecumenical Temple
    47 | Temple   | Became a worshipper of Makhleb the Destroyer
    72 | D:5      | Noticed an orc wizard
    87 | D:4      | Slain by an orc

Illustrated notes

Levels and vault maps discovered:
D:4:      layout_basic, chequers_temple_overflow_statue_of_worship,
          ebering_ghost_gozag, serial_shops, shop,
          corexii_item_surrounded_by_moat
D:5:      layout_loops_ring, minmay_temple_entry_hall, serial_shops,
          kennysheep_mini_moat, shop, uniq_crazy_yiuf_cottage,
          uniq_prince_ribbit1
Temple:   nicolae_temple_cloud_nine

Action                     || total
---------------------------++-------
  Melee: Great sword       ||     5
    Use: Scroll            ||     1
 Armour: Leather armour    ||     2
  Dodge: Dodged            ||     2

Table legend: (Time is in decaauts)
 A = Elapsed time spent in this place.
 B = Non-inter-level travel time spent in this place.
 C = Inter-level travel time spent in this place.
 D = Time resting spent in this place.
 E = Time spent auto-exploring this place.
 F = Levels seen in this place.
 G = Mean time per level.
                   A        B        C        D        E       F      G
               +--------+--------+--------+--------+--------+-----+--------+
         Total |     88 |     73 |     15 |      0 |     16 |   3 |   29.3 |
       Dungeon |     76 |     67 |      9 |      0 |     16 |   2 |   38.0 |
        Temple |     12 |      6 |      6 |      0 |      0 |   1 |   12.0 |
               +--------+--------+--------+--------+--------+-----+--------+

Top non-repeatable levels by time:
     D:5: 67 daAuts
  Temple: 12 daAuts
     D:4: 9 daAuts
